 Dungeon Crawl Stone Soup version 0.23.2-40-g277498a001 (webtiles) character file.

Game seed: 15609754532655452436

465 DildoBatman the Conjurer (level 7, -6/46 HPs)
             Began as a Formicid Wizard on Aug 18, 2019.
             Was a Follower of Kikubaaqudgha.
             Mangled by a mummy (18 damage)
             ... in an ossuary.
             The game lasted 00:11:58 (3640 turns).

DildoBatman the Conjurer (Formicid Wizard)          Turns: 3640, Time: 00:11:58

Health: -6/46      AC:  4    Str: 11    XL:     7   Next: 29%
Magic:  11/11      EV: 12    Int: 25    God:    Kikubaaqudgha [*.....]
Gold:   263        SH:  0    Dex:  9    Spells: 2/12 levels left

rFire    x . .     SeeInvis +   a - +0 short sword
rCold    + . .     Gourm    .   (no shield)
rNeg     . . .     Faith    .   q - +0 robe
rPois    .         Spirit   .   (helmet unavailable)
rElec    .         Reflect  .   (no cloak)
rCorr    .         Harm     .   (no gloves)
MR       .....                  (no boots)
Stlth    ++........             (no amulet)
HPRegen  0.15/turn              c - ring of ice
MPRegen  0.12/turn              j - +2 ring of protection

@: brilliant, very slightly contaminated
A: permanent stasis, dig shafts and tunnels, four strong arms, antennae 3
a: Dig, Shaft Self, Receive Corpses, Renounce Religion


You were in an ossuary.
You worshipped Kikubaaqudgha.
Kikubaaqudgha was aware of your devotion.
You were hungry.

You visited 2 branches of the dungeon, and saw 6 of its levels.
You also visited: Ossuary.

You collected 263 gold pieces.

Inventory:

Hand Weapons
 a - a +0 short sword (weapon)
 b - a +0 hunting sling
Missiles
 d - 22 bolts
 f - 109 stones (quivered)
 k - 8 curare-tipped needles
 m - 43 sling bullets
 o - a throwing net
 t - 17 poisoned needles
 z - 8 arrows
Armour
 q - a +0 robe (worn)
Jewellery
 c - a ring of ice (left hand)
 j - a +2 ring of protection (right hand)
 u - an uncursed ring of stealth
Wands
 y - a wand of iceblast (10)
Scrolls
 e - 2 scrolls of amnesia {unknown}
 g - 3 scrolls of teleportation {unknown}
 h - a scroll of identify
 s - a scroll of random uselessness {unknown}
 w - a scroll of immolation {unknown}
 x - 3 scrolls of remove curse
Potions
 p - 2 potions of curing
 r - a potion of lignification {unknown}
Comestibles
 v - 9 rations
 A - a chunk of flesh


   Skills:
 - Level 1.7 Dodging
 - Level 2.4 Stealth
 - Level 3.2 Spellcasting
 - Level 6.0 Conjurations
   Level 1.0 Summonings
   Level 0.8 Translocations
 * Level 1.3 Fire Magic
 * Level 1.0 Air Magic
 * Level 1.8 Poison Magic


You had 2 spell levels left.
You knew the following spells:

 Your Spells              Type           Power        Failure   Level  Hunger
a - Conjure Flame         Conj/Fire      #####...     1%          3    ###....
c - Magic Dart            Conj           ####         1%          1    None
d - Regeneration          Chrm/Necr      ###.......   3%          3    ###....
e - Mephitic Cloud        Conj/Pois/Air  ####....     1%          3    ###....

Your spell library contained the following spells:

 Spells                   Type           Power        Failure   Level  Hunger
 Animate Skeleton         Necr           N/A          1%          1    None
 Pain                     Necr           ###.         1%          1    None
 Call Imp                 Summ           ###.....     1%          2    #......
 Slow                     Hex            ###.....     1%          2    #......
 Sublimation of Blood     Necr           ###.......   1%          2    #......
 Blink                    Tloc           Unusable     N/A         2    N/A

Dungeon Overview and Level Annotations

Branches:
Dungeon (5/15)             Temple (1/1) D:4

Altars:
Ashenzari
Dithmenos
Fedhas
Gozag
Hepliaklqana
Kikubaaqudgha
Makhleb
Ru
Sif Muna
Trog
Wu Jian
The Shining One


Innate Abilities, Weirdness & Mutations

You cannot be hasted, slowed, berserked, paralysed or teleported.
You can dig through walls and to a lower floor.
Your four strong arms can wield two-handed weapons with a shield.
You have a pair of large antennae on your head. (SInv)


Message History

Aim: a mummy The mass of ice explodes!
The iceblast engulfs the mummy!
The mummy partially resists.
The mummy is severely damaged.
The iceblast engulfs the mummy.
The mummy partially resists.
The mummy is moderately damaged.
The iceblast engulfs you! You partially resist.
The iceblast engulfs the mummy!
The mummy partially resists.
The mummy is heavily damaged.
The iceblast engulfs the kobold zombie!
The kobold zombie partially resists.
You destroy the kobold zombie!
Kikubaaqudgha accepts your kill. The mummy hits you!!
You die...
Kikubaaqudgha rasps: "You have failed me!
Welcome... death!"

#### ### ##
#..########.###.###
##@MM...#..........
#.M.∩.∩.'..........
##......#..........
#..########.###.###
#### ### ##


You could see 3 mummies.

Vanquished Creatures
  Purgy (D:3)
  A bullfrog zombie (D:5)
  2 hounds (D:5)
  A human zombie (D:2)
  Jessica (D:3)
  2 worker ants (D:4)
  Robin (D:3)
  8 adders
  An adder zombie (Ossuary)
  2 worms
  A dart slug (D:2)
  4 leopard geckos
  3 orcs
  3 giant cockroaches
  15 goblins
  10 hobgoblins
  A quokka (D:3)
  7 bats
  3 frilled lizards
  A hobgoblin zombie (Ossuary)
  8 kobolds
  2 kobold zombies (Ossuary)
  A leopard gecko zombie (D:5)
  10 rats
89 creatures vanquished.

Vanquished Creatures (others)
  A human (D:2)
1 creature vanquished.

Grand Total: 90 creatures vanquished

Notes
Turn   | Place    | Note
-------+----------+-------------------------------------------
     0 | D:1      | DildoBatman the Formicid Wizard began the quest for the
                  | Orb.
     0 | D:1      | Reached XP level 1. HP: 13/13 MP: 4/4
    18 | D:1      | Reached skill level 1 in Conjurations
   238 | D:1      | Reached XP level 2. HP: 13/19 MP: 0/6
   410 | D:1      | Reached skill level 2 in Conjurations
   623 | D:1      | Reached XP level 3. HP: 24/24 MP: 0/7
   628 | D:1      | Learned a level 3 spell: Conjure Flame
   632 | D:1      | Learned a level 3 spell: Mephitic Cloud
   955 | D:1      | You fall through a shaft!
  1096 | D:2      | Reached skill level 3 in Conjurations
  1171 | D:2      | Reached XP level 4. HP: 30/30 MP: 3/8
  1781 | D:2      | Found an ancient bone altar of Kikubaaqudgha.
  1781 | D:2      | Noticed a human
  1785 | D:2      | Became a worshipper of Kikubaaqudgha
  1786 | D:2      | Killed a human
  1797 | D:2      | Reached skill level 4 in Conjurations
  1797 | D:2      | Reached XP level 5. HP: 35/35 MP: 4/9
  2075 | D:3      | Noticed Purgy
  2180 | D:3      | Killed Purgy
  2180 | D:3      | Reached skill level 5 in Conjurations
  2180 | D:3      | Reached XP level 6. HP: 27/41 MP: 1/10
  2198 | D:3      | Noticed Robin
  2240 | D:3      | Killed Robin
  2543 | D:3      | Noticed Jessica
  2550 | D:3      | Killed Jessica
  3050 | D:4      | Found a staircase to the Ecumenical Temple.
  3057 | Temple   | Entered the Ecumenical Temple
  3093 | D:4      | Reached * piety under Kikubaaqudgha
  3093 | D:4      | Identified Kikubaaqudgha's Almanac of Evil Secrets
                  | (Kikubaaqudgha gifted it to you on level 4 of the Dungeon)
  3093 | D:4      | Received a gift from Kikubaaqudgha
  3100 | D:4      | Learned a level 3 spell: Regeneration
  3286 | D:4      | Found a bloodstained altar of Trog.
  3343 | D:5      | Entered Level 5 of the Dungeon
  3352 | D:5      | Found a sand-covered staircase.
  3396 | D:5      | Reached skill level 1 in Poison Magic
  3396 | D:5      | Reached XP level 7. HP: 46/46 MP: 2/11
  3489 | D:5      | Reached skill level 6 in Conjurations
  3489 | D:5      | Reached skill level 1 in Fire Magic
  3513 | D:5      | Reached skill level 1 in Air Magic
  3579 | Ossuary  | Entered an ossuary
  3640 | Ossuary  | Mangled by a mummy

Skill      XL: |  1  2  3  4  5  6  7 |
---------------+----------------------+-----
Conjurations   | 1 2 3 4 5 6 |  6.0
Poison Magic   | 1 |  1.8
Fire Magic     | 1 |  1.3
Air Magic      | 1 |  1.0
Dodging        | |  1.7
Stealth        | |  2.4
Spellcasting   | |  3.2
Summonings     | |  1.0
Translocations | |  0.8

Action                   |  1- 3 |  4- 6 |  7- 9 || total
-------------------------+-------+-------+-------++-------
Melee: Unarmed           |     9 |       |       ||     9
       Dagger            |     2 |    18 |       ||    20
       Short sword       |       |    57 |    21 ||    78
 Fire: Hunting sling     |       |    11 |     6 ||    17
 Cast: Magic Dart        |    65 |    87 |     5 ||   157
       Conjure Flame     |       |     7 |     1 ||     8
       Mephitic Cloud    |       |     8 |     1 ||     9
 Abil: Dig               |     1 |     7 |     1 ||     9
Evoke: Wand              |       |       |     1 ||     1
  Use: Scroll            |       |     1 |     3 ||     4
       Potion            |       |       |     3 ||     3
 Stab: Confused          |       |     5 |       ||     5
       Invisible         |       |       |     4 ||     4
  Eat: Chunk             |     1 |     7 |     2 ||    10
Armor: Robe              |     5 |    21 |     2 ||    28
Dodge: Dodged            |    27 |    58 |    16 ||   101
